 Dungeon Crawl Stone Soup version 0.26-a0-599-gc8f6553d2c (webtiles) character file.

Game seed: 1834056032167090438

2997 SpaceButler the Cudgeler (level 9, 0/49 HPs)
             Began as a Vine Stalker Monk on Aug 29, 2020.
             Was a Priest of Sif Muna.
             Succumbed to a killer bee's poison
             ... on level 8 of the Dungeon.
             The game lasted 00:23:57 (7326 turns).

SpaceButler the Cudgeler (Vine Stalker Monk)        Turns: 7326, Time: 00:23:58

Health: 0/49       AC:  8    Str: 17    XL:     9   Next: 84%
Magic:  8/18       EV: 11    Int: 11    God:    Sif Muna [***...]
Gold:   537        SH:  0    Dex: 16    Spells: 19/19 levels left

rFire    . . .     SeeInvis .   x - +1 mace (holy)
rCold    . . .     Faith    .   (no shield)
rNeg     . . .     Spirit   +   v - +0 scale mail
rPois    .         Reflect  .   p - -1 helmet (curse)
rElec    .         Harm     .   i - +1 cloak
rCorr    .                      (no gloves)
MR       ++...                  (no boots)
Stlth    +.........             (no amulet)
HPRegen  0.56/turn              t - ring of protection from magic
MPRegen  0.16/turn              o - ring of flight

@: lethally poisoned (0 -> -29)
A: fangs 3, regeneration 1, magic shield, antimagic bite, no potion heal 3, rot
immunity
a: Channel Magic, Forget Spell, Renounce Religion, Evoke Flight


You were on level 8 of the Dungeon.
You worshipped Sif Muna.
Sif Muna was most pleased with you.
You visited 2 branches of the dungeon, and saw 9 of its levels.

You collected 537 gold pieces.

Inventory:

Hand Weapons
 a - a +1 mace
 e - a +0 hunting sling
 x - a +1 mace of holy wrath (weapon)
Missiles
 g - 40 poisoned darts (quivered)
 l - 8 atropa-tipped darts
Armour
 b - a +0 robe
 i - a +1 cloak (worn)
 p - a cursed -1 helmet (worn)
 v - a +0 scale mail (worn)
Jewellery
 o - a ring of flight (right hand)
 t - a ring of protection from magic (left hand)
Wands
 c - a wand of random effects (18)
 y - a wand of iceblast (6)
 C - a wand of polymorph (8)
 D - a wand of flame (21)
 H - a wand of digging (7)
Scrolls
 d - 2 scrolls of fear
 f - a scroll of blinking
 h - 5 scrolls of teleportation {@r4}
 k - 6 scrolls of remove curse {@r2}
 s - 2 scrolls of enchant armour {unknown}
 w - 2 scrolls of fog
 z - 8 scrolls of identify {@r1}
 A - 2 scrolls of magic mapping {unknown}
 E - 2 scrolls of enchant weapon
 G - a scroll of immolation {unknown}
Potions
 j - 2 potions of ambrosia
 m - 2 potions of cancellation {unknown}
 n - a potion of degeneration {unknown}
 q - 2 potions of stabbing
 r - 2 potions of haste {@q3}
 u - a potion of lignification {unknown}
 B - a potion of magic {unknown}
 F - a potion of brilliance {unknown}


   Skills:
 + Level 6.6 Fighting
 + Level 7.4 Maces & Flails
 - Level 2.5 Armour
 - Level 2.4 Dodging
 - Level 2.4 Stealth
 + Level 5.5 Spellcasting
 + Level 5.4 Invocations


You had 19 spell levels left.
You didn't know any spells.
Your spell library contained the following spells:

 Spells                   Type           Power        Failure   Level
 Confusing Touch          Hex            #.......     90%         3
 Gell's Gravitas          Tloc           #.........   90%         3
 Petrify                  Tmut/Erth      #.......     100%        4
 Metabolic Englaciation   Hex/Ice        #.........   100%        5
 Yara's Violent Unravell  Hex/Tmut       #.........   100%        5


Dungeon Overview and Level Annotations

Branches:
Dungeon (8/15)             Temple (1/1) D:4
   Lair: D:8-11

Altars:
Dithmenos
Elyvilon
Fedhas
Gozag
Makhleb
Nemelex Xobeh
Okawaru
Qazlal
Ru
Sif Muna
Trog
Vehumet
Wu Jian
Xom
Yredelemnul
Zin
The Shining One

Shops:
D:5 }   D:6 !

Annotations:
D:6 1 runed translucent door


Innate Abilities, Weirdness & Mutations

You have razor-sharp teeth.
Your natural rate of healing is unusually fast.
When hurt, damage is shared between your health and your magic reserves.
Your bite disrupts and absorbs the magic of your enemies.
Potions cannot restore your health.
You are immune to rotting.


Message History

You are more poisoned.
The killer bee poisons you!
* * * LOW HITPOINT WARNING * * *
You feel very sick.
The killer bee stings you but does no damage.
The killer bee stings you.
You are more poisoned.
The killer bee poisons you!
Evoke which item? (* to show all) (? for menu, Esc to quit)
Press: ? - help, Shift-Dir - straight line, f - killer bee, p - killer bee
Aim: a killer bee (almost dead) That beam is likely to hit you.
Continue anyway?
The mass of ice explodes!
The iceblast engulfs the killer bee!
You kill the killer bee!
Sif Muna accepts your kill. The iceblast engulfs you!
* * * LOW HITPOINT WARNING * * *
The iceblast engulfs the killer bee.
The killer bee is moderately wounded.
You die...

#....####.#.#
♣#........#.#
#.#.######.#
#.#..#####.####
#.#...........#
#.#..#####.##.#
#.#..#.....##.#######
#.#..#.######y.>.....
#..#....@†yl.######
#..#########.# #...
........# #.#
######..# ...# .....
..l... .......
.........


You could see an iguana and 2 killer bees.

Vanquished Creatures
  Grinder (D:6)
  Prince Ribbit (D:6)
  Sigmund (D:2)
  A hippogriff (D:7)
  A sky beast (D:5)
  2 ice beasts
  A necrophage (D:6)
  An ogre (D:5)
  2 centaurs
  A crocodile (D:7)
  A bullfrog (D:7)
  A scorpion (D:7)
  10 killer bees
  A howler monkey (D:5)
  4 hounds
  2 centaur skeletons
  Crazy Yiuf (D:4)
  3 orc priests
  9 orc wizards
  5 iguanas
  A worker ant (D:6)
  A hound zombie (D:7)
  2 hound skeletons
  A howler monkey zombie (D:7)
  A worker ant zombie (D:6)
  7 adders
  A shadow imp (D:5)
  2 white imps
  2 oozes
  2 adder skeletons
  4 worms (D:2)
  3 dart slugs
  3 leopard geckos
  17 orcs
  16 bats
  4 giant cockroaches
  7 goblins
  8 hobgoblins
  3 jackals (D:1)
  4 quokkas
  3 frilled lizards
  A jackal zombie (D:6)
  4 kobolds
  A leopard gecko skeleton (D:7)
  A quokka skeleton (D:5)
  A quokka zombie (D:6)
  11 rats
160 creatures vanquished.

Notes
Turn   | Place    | Note
-------+----------+-------------------------------------------
     0 | D:1      | SpaceButler the Vine Stalker Monk began the quest for the
                  | Orb.
     0 | D:1      | Reached XP level 1. HP: 11/11 MP: 2/2
    86 | D:1      | Reached XP level 2. HP: 11/16 MP: 1/3
   200 | D:1      | Reached skill level 3 in Maces & Flails
   641 | D:1      | Reached XP level 3. HP: 17/20 MP: 2/4
  1122 | D:2      | Reached skill level 1 in Armour
  2223 | D:2      | Gained mutation: Your natural rate of healing is unusually
                  | fast. [Vine Stalker growth]
  2223 | D:2      | Reached XP level 4. HP: 20/24 MP: 2/5
  2293 | D:2      | Noticed Sigmund
  2313 | D:2      | Killed Sigmund
  2313 | D:2      | Reached skill level 4 in Maces & Flails
  2313 | D:2      | Reached XP level 5. HP: 21/29 MP: 3/6
  2313 | D:2      | Reached XP level 6. HP: 24/33 MP: 3/7
  2438 | D:2      | Found an opulent altar of Gozag.
  3045 | D:3      | Reached skill level 5 in Maces & Flails
  3372 | D:4      | Found a sacrificial altar of Ru.
  3438 | D:4      | Found a stormy altar of Qazlal.
  3815 | D:4      | Found a staircase to the Ecumenical Temple.
  3825 | Temple   | Entered the Ecumenical Temple
  4036 | Temple   | Became a worshipper of Sif Muna the Loreminder
  4036 | Temple   | Reached * piety under Sif Muna
  4036 | Temple   | Reached ** piety under Sif Muna
  4136 | D:4      | Found a runed translucent door.
  4137 | D:4      | Noticed Crazy Yiuf
  4191 | D:4      | Killed Crazy Yiuf
  4282 | D:5      | Entered Level 5 of the Dungeon
  4282 | D:5      | Found Hiynukopt's Gadget Shop.
  4286 | D:5      | Reached XP level 7. HP: 33/37 MP: 6/8
  4354 | D:5      | Reached skill level 1 in Spellcasting
  4354 | D:5      | Reached skill level 1 in Invocations
  4871 | D:5      | Found a glowing golden altar of the Shining One.
  5077 | D:5      | Gained mutation: You have razor-sharp teeth. [Vine Stalker
                  | growth]
  5077 | D:5      | Reached XP level 8. HP: 42/42 MP: 12/12
  5317 | D:6      | Noticed Grinder
  5346 | D:6      | Killed Grinder
  5346 | D:6      | Reached skill level 5 in Fighting
  5346 | D:6      | Reached skill level 6 in Maces & Flails
  5458 | D:6      | Found Uruco's Distillery.
  5470 | D:6      | Noticed Prince Ribbit
  5490 | D:6      | Killed Prince Ribbit
  5545 | D:6      | Found a runed translucent door.
  5550 | D:6      | Found a basalt altar of Yredelemnul.
  5694 | D:6      | HP: 2/44 [ice beast (6)]
  5963 | D:6      | Reached XP level 9. HP: 45/48 MP: 16/16
  6120 | D:6      | Found a burning altar of Makhleb.
  6418 | D:7      | Found a glowing golden altar of the Shining One.
  6437 | D:7      | Reached *** piety under Sif Muna
  6443 | D:7      | Found a sparkling altar of Nemelex Xobeh.
  6443 | D:7      | Found an iron altar of Okawaru.
  6498 | D:7      | Reached skill level 7 in Maces & Flails
  6768 | D:7      | Reached skill level 5 in Spellcasting
  6779 | D:7      | Reached skill level 5 in Invocations
  7326 | D:8      | HP: 2/49 [shot self (3)]
  7326 | D:8      | Succumbed to a killer bee's poison

Illustrated notes

Levels and vault maps discovered:
D:1:      lightli_arrival_lavapool, layout_loops_ring, columned_hall_lemuel,
          patterned_corridor
D:2:      layout_basic, grunt_gozag_breadcrumbs, st_stairs_1, minmay_cut_off,
          uniq_sigmund
D:3:      layout_loops_ring, minmay_misc_feat_five
D:4:      layout_rooms, nicolae_qazlal_general_emergency,
          nicolae_ru_sacrificial_ziggurat, minmay_temple_entry_poolview,
          roderic_batcave, serial_bayou_crossing, uniq_crazy_yiuf_cottage
D:5:      layout_loops_ring, serial_shops, nicolae_shop_crystal,
          nicolae_tso_swordbearing_angel
D:6:      layout_loops_cross, makhleb_blood_cavern_becter, serial_shops,
          kennysheep_mini_moat, dk_yredelemnul_ordeal, uniq_grinder,
          uniq_prince_ribbit1
D:7:      layout_rooms, grunt_temple_overflow_open
D:8:      wad_woods_minihive, layout_basic, lemuel_crystal_altar,
          overflow_temple_1_default
Temple:   jpeg_temple_alley_garden

Skill      XL: |  1  2  3  4  5  6  7  8  9 |
---------------+----------------------------+-----
Maces & Flails | 3 4 5 6 7 |  7.4
Fighting       | 3 4 5 6 |  6.6
Armour         | 1 2 |  2.5
Spellcasting   | 2 4 5 |  5.5
Invocations    | 2 4 5 |  5.4
Dodging        | |  2.4
Stealth        | |  2.4

Action                   |  1- 3 |  4- 6 |  7- 9 || total
-------------------------+-------+-------+-------++-------
Melee: Mace              |    93 |   145 |   393 ||   631
       Bite              |    26 |    36 |   122 ||   184
Throw: Dart              |       |     6 |    14 ||    20
Invok: Channel Magic     |       |       |     6 ||     6
Evoke: Wand              |       |       |     4 ||     4
  Use: Scroll            |       |    12 |       ||    12
       Potion            |       |       |     2 ||     2
 Stab: Sleeping          |     4 |     7 |       ||    11
       Distracted        |     1 |       |       ||     1
       Invisible         |       |     2 |       ||     2
Armor: Robe              |    10 |    39 |       ||    49
       Scale mail        |       |     2 |   145 ||   147
Dodge: Dodged            |    61 |   112 |   279 ||   452

Table legend: (Time is in decaauts)
 A = Elapsed time spent in this place.
 B = Non-inter-level travel time spent in this place.
 C = Inter-level travel time spent in this place.
 D = Time resting spent in this place.
 E = Time spent auto-exploring this place.
 F = Levels seen in this place.
 G = Mean time per level.
                   A        B        C        D        E       F      G
               +--------+--------+--------+--------+--------+-----+--------+
         Total |   7407 |   7032 |    375 |   1599 |   3943 |   9 |  823.0 |
       Dungeon |   7162 |   6868 |    294 |   1599 |   3782 |   8 |  895.2 |
        Temple |    244 |    163 |     81 |      0 |    161 |   1 |  244.0 |
               +--------+--------+--------+--------+--------+-----+--------+

Top non-repeatable levels by time:
     D:1: 1668 daAuts
     D:2: 1001 daAuts
     D:5: 1001 daAuts
     D:6: 977 daAuts
     D:7: 821 daAuts
     D:4: 746 daAuts
     D:3: 665 daAuts
     D:8: 281 daAuts
  Temple: 244 daAuts
